 Dungeon Crawl Stone Soup version 0.28-a0-589-g333b8329f1 (webtiles) character file.

Game seed: 3517753181220388056

9413 kipponium the Slicer (level 11, -6/89 HPs)
             Began as a Gnoll Cinder Acolyte on Oct 3, 2021.
             Was an Initiate of Gozag.
             Mangled by a fire elemental (12 damage)
             ... created by the fiery vengeance of Ignis
             ... on level 3 of the Dungeon.
             The game lasted 00:57:08 (13769 turns).

kipponium the Slicer (Gnoll Cinder Acolyte)        Turns: 13769, Time: 00:57:10

Health: -6/89      AC: 10    Str: 17    XL:     11   Next: 46%
Magic:  21/21      EV: 13    Int: 20    God:    Gozag
Gold:   180        SH:  7    Dex: 10    Spells: 10/24 levels left

rFire   . . .      SeeInvis +   D - +3 rapier (protect)
rCold   x . .      Faith    .   E - +2 buckler {reflect}
rNeg    . . .      Spirit   .   K - +1 steam dragon scales
rPois   +          Reflect  +   H - +1 hat {SInv}
rElec   .          Harm     .   (no cloak)
rCorr   .          Rampage  .   l - +0 pair of gloves
Will    .....                   J - +0 pair of boots
Stlth   +++.......              B - amulet "Wirouskud" {RegenMP rF+++ Will+ Str+3 Dex+2}
HPRegen 0.24/turn               v - ring of Light {Fire rPois Int+4}
MPRegen 0.42/turn               (no ring)

@: weak-willed, fire susceptible
A: fangs 1, strong nose, distributed training
a: Renounce Religion, Potion Petition, Call Merchant, Bribe Branch


You were on level 3 of the Dungeon.
You worshipped Gozag.
Gozag was aware of your devotion.
You visited 2 branches of the dungeon, and saw 10 of its levels.

You collected 425 gold pieces.
You spent 150 gold pieces at shops.
You paid 95 gold pieces to Gozag.

Inventory:

Hand Weapons
 a - a -1 short sword of venom
 k - a +5 dire flail of pain
 n - a +2 dagger of venom
 y - a +1 short sword of speed
 D - a +3 rapier of protection (weapon)
Missiles
 e - 61 poisoned darts (quivered)
 q - 286 stones
 A - a curare-tipped dart
 F - 2 throwing nets
Armour
 l - a +0 pair of gloves (worn)
 E - a +2 buckler of reflection (worn)
 H - a +1 hat of see invisible (worn)
 J - a +0 pair of boots (worn)
 K - +1 steam dragon scales (worn)
Jewellery
 v - the ring of Light (left hand) {Fire rPois Int+4}
   (You found it on level 5 of the Dungeon)

   [ring of fire]

   It enhances your fire magic.
   Int:       It affects your intelligence (+4).
   rF:        It protects you from fire.
   rC:        It makes you vulnerable to cold.
   rPois:     It protects you from poison.
 B - the amulet "Wirouskud" (around neck) {RegenMP rF+++ Will+ Str+3 Dex+2}
   (You bought it in a shop on level 2 of the Dungeon)

   [amulet of magic regeneration]

   It increases your rate of magic regeneration.
   Str:       It affects your strength (+3).
   Dex:       It affects your dexterity (+2).
   rF:        It renders you almost immune to fire.
   Will:      It increases your willpower.
Wands
 h - a wand of charming (9)
 o - a wand of iceblast (4)
 I - a wand of polymorph (8)
Scrolls
 d - 2 scrolls of enchant armour
 u - a scroll of vulnerability
 z - a scroll of blinking {unknown}
Potions
 f - 5 potions of might
 i - 3 potions of curing {unknown}
 j - 2 potions of lignification {unknown}
 m - 2 potions of flight {unknown}
 p - a potion of attraction
 r - 2 potions of haste {unknown}
 s - a potion of invisibility {unknown}
 w - a potion of brilliance
 G - a potion of cancellation {unknown}


   Skills:
 + Level 9.2 Fighting
 + Level 9.2 Short Blades
 + Level 6.3 Long Blades
 + Level 6.3 Axes
 + Level 6.3 Maces & Flails
 + Level 6.3 Polearms
 + Level 6.3 Staves
 + Level 6.3 Slings
 + Level 6.3 Bows
 + Level 6.3 Crossbows
 + Level 6.3 Throwing
 + Level 6.3 Armour
 + Level 6.3 Dodging
 + Level 6.3 Stealth
 + Level 6.3 Shields
 + Level 6.3 Unarmed Combat
 + Level 7.0 Spellcasting
 + Level 5.2 Conjurations
 + Level 5.2 Hexes
 + Level 5.2 Summonings
 + Level 5.2 Necromancy
 + Level 5.2 Translocations
 + Level 5.2 Transmutations
 + Level 7.6 Fire Magic
 + Level 5.2 Ice Magic
 + Level 5.2 Air Magic
 + Level 5.2 Earth Magic
 + Level 5.2 Poison Magic
 + Level 6.9 Invocations
 + Level 6.3 Evocations


You had 10 spell levels left.
You knew the following spells:

 Your Spells              Type           Power      Damage    Failure   Level
a - Shock                 Conj/Air       100%       1d9       1%          1
b - Scorch                Fire           100%       2d10      1%          2
c - Inner Flame           Hex/Fire       49%        N/A       1%          3
d - Flame Wave            Conj/Fire      49%        3d9       7%          4
e - Airstrike             Air            14%        N/A       11%         4

Your spell library contained the following spells:

 Spells                   Type           Power      Damage    Failure   Level
 Foxfire                  Conj/Fire      100%       2x1d9     1%          1
 Ensorcelled Hibernation  Hex/Ice        56%        N/A       1%          2
 Conjure Flame            Conj/Fire      49%        6-21      1%          3
 Gell's Gravitas          Tloc           14%        N/A       3%          3
 Swiftness                Air            28%        N/A       3%          3
 Teleport Other           Tloc           28%        N/A       3%          3
 Tukima's Dance           Hex            28%        N/A       3%          3
 Dispersal                Tloc           14%        N/A       86%         6


Dungeon Overview and Level Annotations

Branches:
Dungeon (9/15)             Temple (1/1) D:4
   Lair: D:8-11         Orc: D:9-12

Altars:
Ashenzari
Cheibriados
Dithmenos
Fedhas
Gozag
Hepliaklqana
Kikubaaqudgha
Makhleb
Nemelex Xobeh
Okawaru
Sif Muna
Trog
Uskayaw
Vehumet
Wu Jian
Xom
Yredelemnul
The Shining One

Shops:
D:2 (:*   D:5 *   D:6 *

Annotations:
D:5 bmj180's ghost, novice HOFi


Innate Abilities, Weirdness & Mutations

You have very sharp teeth.
Your uncanny sense of smell can sniff out nearby items.
Your experience applies equally to all skills.


Message History

The fire elemental hits you. The fire elemental burns you!
You hit the fire elemental. Your bite misses the fire elemental.
The fire elemental is almost destroyed.
The fire elemental barely misses you.
You closely miss the fire elemental.
The fire elemental is almost destroyed.
The fire elemental hits you. The fire elemental burns you!
You hit the fire elemental.
You destroy the fire elemental!
That felt strangely unrewarding.
You start resting. "Burn!
Burn until nothing is left!" 3 fire elementals come into view.
You climb downwards.
The fire elemental hits you. The fire elemental burns you!
There is a stone staircase leading up here.
As you read the scroll labelled ECSEVV ESCHOK, it crumbles to dust.
It is a scroll of enchant armour.
Your +0 hat of see invisible glows green for a moment.
You block the fire elemental's attack. x2
The fire elemental closely misses you.
As you read the scroll labelled SEME IRREYSHRU, it crumbles to dust.
Magic quickly surges around you.
It was a scroll of vulnerability.
The fire elemental hits you. The fire elemental burns you!
* * * LOW HITPOINT WARNING * * *
The fire elemental hits you. The fire elemental burns you!
* * * LOW HITPOINT WARNING * * *
Okay, then.
As you read the scroll labelled VUPPOUCOCA, it crumbles to dust.
The scroll dissolves into smoke.
It was a scroll of fog.
The fire elemental closely misses you. The fire elemental hits you.
The fire elemental burns you!
* * * LOW HITPOINT WARNING * * *
As you read the scroll labelled REELOA KIRRI, it crumbles to dust.
You assume a fearsome visage.
The fire elemental is unaffected. x2
It was a scroll of fear.
The fire elemental misses you. x2
The fire elemental hits you.
* * * LOW HITPOINT WARNING * * *
The fire elemental burns you!
You die...
Your body crumbles into a pile of gold.

#####..###.#.#.#.................
..........................#.#####
.##....###.#...#.......##........
.#.........#...#.......##.#.#####
...............#####'####.#.#
#....<..##.............##.#.#####
...............§§§...(........†..
#.......#.....##E###.#+###..#####
##......#..#..§E@##...)..........
##......#..#..#####......#....###
........#..#.............+..#.###
##......#..##....##...........#..
........#..##....##...........#..
........#..##....##.......######.
####..#.#..##....###......#..#_#.
......#.#...#.............#..#.#≈
........#.#.#.###..........P≈...#


You could see 2 fire elementals.

Vanquished Creatures
  Gastronok (D:8)
  A hydra (D:8)
  2 two-headed ogres
  Pikel (D:4)
  Joseph (D:8)
  Maggie (D:8)
  A troll (D:7)
  Grinder (D:3)
  7 fire elementals
  16 yaks
  Edmund (D:5)
  3 water moccasins
  2 black bears (D:7)
  An ice beast (D:5)
  A hornet zombie (D:8)
  2 ogres
  2 phantoms
  A centaur (D:6)
  A lemure (D:4)
  A kobold brigand (D:6)
  A bullfrog (D:8)
  2 scorpions
  3 wights
  2 vampire bats (D:7)
  4 howler monkeys
  A centaur zombie (D:6)
  3 bullfrog zombies
  3 hounds
  2 gnoll shamans (D:8)
  2 water moccasin simulacra (D:5)
  3 iguanas
  3 orc wizards
  2 killer bee zombies (D:8)
  A centaur simulacrum (D:5)
  A hound skeleton (D:4)
  A scorpion simulacrum (D:5)
  A howler monkey zombie (D:6)
  12 adders
  16 gnolls
  4 river rats (D:4)
  A white imp (D:6)
  A howler monkey simulacrum (D:5)
  An ufetubus (D:6)
  An adder skeleton (D:4)
  5 worms
  4 dart slugs
  15 orcs
  9 endoplasms
  3 giant cockroaches
  9 goblins
  2 hobgoblins
  6 jackals
  16 kobolds
  2 quokkas
  3 ball pythons
  9 bats
  2 frilled lizards
  7 rats
210 creatures vanquished.

Vanquished Creatures (others)
  A hound skeleton (D:5)
  137 foxfires
138 creatures vanquished.

Grand Total: 348 creatures vanquished

Notes
Turn   | Place    | Note
-------+----------+-------------------------------------------
     0 | D:1      | kipponium the Gnoll Cinder Acolyte began the quest for the
                  | Orb.
     0 | D:1      | Reached XP level 1. HP: 23/23 MP: 4/4
     6 | D:1      | Learned a level 1 spell: Shock
   272 | D:1      | Reached XP level 2. HP: 25/29 MP: 0/5
   441 | D:1      | Learned a level 2 spell: Scorch
  1020 | D:1      | Reached XP level 3. HP: 35/35 MP: 4/7
  1263 | D:2      | Found Foukaubuod's Assorted Antiques.
  1369 | D:2      | Reached skill level 1 in Invocations
  1618 | D:2      | Reached skill level 1 in Long Blades
  1618 | D:2      | Reached skill level 1 in Axes
  1618 | D:2      | Reached skill level 1 in Maces & Flails
  1618 | D:2      | Reached skill level 1 in Polearms
  1618 | D:2      | Reached skill level 1 in Staves
  1618 | D:2      | Reached skill level 1 in Slings
  1618 | D:2      | Reached skill level 1 in Bows
  1618 | D:2      | Reached skill level 1 in Crossbows
  1618 | D:2      | Reached skill level 1 in Throwing
  1618 | D:2      | Reached skill level 1 in Armour
  1618 | D:2      | Reached skill level 1 in Dodging
  1618 | D:2      | Reached skill level 1 in Stealth
  1618 | D:2      | Reached skill level 1 in Shields
  1618 | D:2      | Reached skill level 1 in Unarmed Combat
  1618 | D:2      | Reached skill level 1 in Evocations
  1618 | D:2      | Reached XP level 4. HP: 41/41 MP: 3/8
  1723 | D:2      | Found Rajuip's Book Shoppe.
  1979 | D:2      | Found Gituta's Weapon Shoppe.
  2653 | D:3      | Noticed Grinder
  2655 | D:3      | Killed Grinder
  2656 | D:3      | Reached skill level 1 in Conjurations
  2656 | D:3      | Reached skill level 1 in Hexes
  2656 | D:3      | Reached skill level 1 in Summonings
  2656 | D:3      | Reached skill level 1 in Necromancy
  2656 | D:3      | Reached skill level 1 in Translocations
  2656 | D:3      | Reached skill level 1 in Transmutations
  2656 | D:3      | Reached skill level 1 in Ice Magic
  2656 | D:3      | Reached skill level 1 in Air Magic
  2656 | D:3      | Reached skill level 1 in Earth Magic
  2656 | D:3      | Reached skill level 1 in Poison Magic
  2656 | D:3      | Reached XP level 5. HP: 47/47 MP: 6/10
  2656 | D:3      | Reached XP level 6. HP: 53/53 MP: 6/11
  3348 | D:3      | Found a faded altar of an unknown god.
  3693 | D:3      | Found a hazy altar of Hepliaklqana.
  4091 | D:4      | Found a staircase to the Ecumenical Temple.
  4480 | D:4      | Reached XP level 7. HP: 52/59 MP: 5/12
  4727 | D:4      | Noticed Pikel
  5346 | D:4      | Killed Pikel
  5347 | D:4      | Reached XP level 8. HP: 42/67 MP: 3/14
  5641 | D:4      | Learned a level 3 spell: Inner Flame
  6038 | D:5      | Entered Level 5 of the Dungeon
  6208 | D:5      | Noticed Edmund
  6237 | D:5      | Killed Edmund
  6803 | D:5      | Found Ynib's CLEARANCE SALE!.
  6808 | D:5      | Bought a potion of mutation for 40 gold pieces
  6905 | D:5      | Found a runed translucent gate.
  6905 | D:5      | Found a runed translucent gate.
  6905 | D:5      | Found a runed translucent gate.
  6943 | D:5      | Noticed bmj180's ghost (novice HOFi)
  7393 | D:5      | Reached XP level 9. HP: 73/73 MP: 9/16
  7624 | D:5      | Identified the ring of Light {Fire rPois Int+4}
  7667 | D:4      | Learned a level 4 spell: Flame Wave
  7672 | D:4      | Learned a level 4 spell: Airstrike
  7879 | D:6      | Found Zatox's Neck Hole.
  8129 | D:6      | Reached skill level 5 in Spellcasting
  8459 | D:6      | Reached skill level 5 in Invocations
  8595 | D:6      | Found an ornate altar of the Wu Jian Council.
  8826 | D:2      | Bought an ancient bone amulet for 110 gold pieces
  8826 | D:2      | Identified the amulet "Wirouskud" {RegenMP rF+++ Will+
                  | Str+3 Dex+2} (You bought it in a shop on level 2 of the
                  | Dungeon)
  9381 | D:7      | Noticed a troll
  9384 | D:7      | Noticed a two-headed ogre
  9853 | D:7      | Reached XP level 10. HP: 69/80 MP: 12/18
  9941 | D:7      | Killed a two-headed ogre
  9942 | D:7      | Reached skill level 5 in Long Blades
  9942 | D:7      | Reached skill level 5 in Axes
  9942 | D:7      | Reached skill level 5 in Maces & Flails
  9942 | D:7      | Reached skill level 5 in Polearms
  9942 | D:7      | Reached skill level 5 in Staves
  9942 | D:7      | Reached skill level 5 in Slings
  9942 | D:7      | Reached skill level 5 in Bows
  9942 | D:7      | Reached skill level 5 in Crossbows
  9942 | D:7      | Reached skill level 5 in Throwing
  9942 | D:7      | Reached skill level 5 in Armour
  9942 | D:7      | Reached skill level 5 in Dodging
  9942 | D:7      | Reached skill level 5 in Stealth
  9942 | D:7      | Reached skill level 5 in Shields
  9942 | D:7      | Reached skill level 5 in Unarmed Combat
  9942 | D:7      | Reached skill level 5 in Evocations
 10560 | D:8      | Noticed Joseph
 10672 | D:8      | Noticed Gastronok
 11358 | D:8      | Killed Joseph
 11464 | D:8      | Killed Gastronok
 11488 | D:8      | Found a shadowy altar of Dithmenos.
 11542 | D:8      | Noticed Maggie
 11552 | D:8      | Killed Maggie
 11553 | D:8      | Reached XP level 11. HP: 87/87 MP: 9/20
 11817 | D:8      | Found a burning altar of Makhleb.
 11889 | D:8      | Noticed a seven-headed hydra
 11899 | D:8      | Killed a seven-headed hydra
 11900 | D:8      | Reached skill level 5 in Conjurations
 11900 | D:8      | Reached skill level 5 in Hexes
 11900 | D:8      | Reached skill level 5 in Summonings
 11900 | D:8      | Reached skill level 5 in Necromancy
 11900 | D:8      | Reached skill level 5 in Translocations
 11900 | D:8      | Reached skill level 5 in Transmutations
 11900 | D:8      | Reached skill level 5 in Ice Magic
 11900 | D:8      | Reached skill level 5 in Air Magic
 11900 | D:8      | Reached skill level 5 in Earth Magic
 11900 | D:8      | Reached skill level 5 in Poison Magic
 12087 | Temple   | Entered the Ecumenical Temple
 12188 | Temple   | Fell from the grace of Ignis
 12188 | Temple   | Became a worshipper of Gozag Ym Sagoz the Greedy
 12642 | D:8      | Found a blossoming altar of Fedhas.
 13351 | D:9      | Noticed a two-headed ogre
 13362 | D:8      | Killed a two-headed ogre
 13659 | D:3      | You fall into a shaft and drop 1 floor!
 13769 | D:3      | Mangled by a fire elemental

Illustrated notes

Levels and vault maps discovered:
D:1:      scummos_arrival_simple_crosswalls, layout_basic
D:2:      layout_rooms, serial_shops, shop_fountains, nicolae_shop_stone,
          nicolae_shop_behind_doors
D:3:      layout_basic, worldfamousw_hep_ancestral_shrine,
          shapermc_ecumenical_altar_mp_ritualfount, uniq_grinder
D:4:      layout_basic, minmay_temple_entry_junction, lightli_sewer_entry_pipes,
          uniq_pikel
D:5:      layout_loops_ring, gammafunk_ghost_icy, nicolae_shop_clearance,
          uniq_edmund
D:6:      layout_basic, nicolae_wu_jian_wuxing_cycle,
          nicolae_shop_sticking_my_neck_out
D:7:      minmay_blocky_corners, layout_basic, roderic_batcave
D:8:      layout_rooms, nicolae_dithmenos_shadow_blocks, marbit_many_paths,
          lemuel_doored_altar, minmay_misc_feat_encased, uniq_joseph,
          uniq_gastronok, uniq_maggie
D:9:      layout_big_octagon, kennysheep_windowed_goal
Temple:   cyrus_circular_temple

Skill      XL: |  1  2  3  4  5  6  7  8  9 10 11 |
---------------+----------------------------------+-----
Invocations    | 1 2 3 4 5 6 |  6.9
Long Blades    | 1 2 3 4 5 6 |  6.3
Axes           | 1 2 3 4 5 6 |  6.3
Maces & Flails | 1 2 3 4 5 6 |  6.3
Polearms       | 1 2 3 4 5 6 |  6.3
Staves         | 1 2 3 4 5 6 |  6.3
Slings         | 1 2 3 4 5 6 |  6.3
Bows           | 1 2 3 4 5 6 |  6.3
Crossbows      | 1 2 3 4 5 6 |  6.3
Throwing       | 1 2 3 4 5 6 |  6.3
Armour         | 1 2 3 4 5 6 |  6.3
Dodging        | 1 2 3 4 5 6 |  6.3
Stealth        | 1 2 3 4 5 6 |  6.3
Shields        | 1 2 3 4 5 6 |  6.3
Unarmed Combat | 1 2 3 4 5 6 |  6.3
Evocations     | 1 2 3 4 5 6 |  6.3
Spellcasting   | 3 4 5 6 7 |  7.0
Conjurations   | 1 2 3 4 5 |  5.2
Hexes          | 1 2 3 4 5 |  5.2
Summonings     | 1 2 3 4 5 |  5.2
Necromancy     | 1 2 3 4 5 |  5.2
Translocations | 1 2 3 4 5 |  5.2
Transmutations | 1 2 3 4 5 |  5.2
Ice Magic      | 1 2 3 4 5 |  5.2
Air Magic      | 1 2 3 4 5 |  5.2
Earth Magic    | 1 2 3 4 5 |  5.2
Poison Magic   | 1 2 3 4 5 |  5.2
Fighting       | 7 8 9 |  9.2
Short Blades   | 7 8 9 |  9.2
Fire Magic     | 6 7 |  7.6

Action                   |  1- 3 |  4- 6 |  7- 9 | 10-12 || total
-------------------------+-------+-------+-------+-------++-------
Melee: Short sword       |    46 |     8 |    72 |       ||   126
       Bite              |       |       |     5 |    11 ||    16
       Dagger            |       |       |    25 |       ||    25
       Punch             |       |       |     4 |       ||     4
       Rapier            |       |       |       |    73 ||    73
Throw: Dart              |     1 |       |     2 |       ||     3
 Cast: Shock             |     7 |     8 |    28 |    23 ||    66
       Scorch            |    28 |    45 |    87 |    98 ||   258
       Inner Flame       |       |       |     3 |     4 ||     7
       Flame Wave        |       |       |     3 |     1 ||     4
       Airstrike         |       |       |     1 |     4 ||     5
Invok: Foxfire Swarm     |       |     1 |     3 |     4 ||     8
       Sea of Fire       |       |       |     1 |       ||     1
       Rising Flame      |       |       |     1 |       ||     1
Evoke: Wand              |       |       |     3 |     6 ||     9
  Use: Scroll            |       |     6 |     2 |     5 ||    13
       Potion            |       |       |       |     3 ||     3
 Stab: Sleeping          |       |     2 |     2 |       ||     4
Armor: Robe              |     8 |     3 |    14 |       ||    25
       Leather armour    |       |       |     7 |    11 ||    18
       Steam dragon scal |       |       |       |    45 ||    45
Dodge: Dodged            |    29 |     8 |    79 |    71 ||   187
Block: Buckler           |       |       |       |    36 ||    36

Table legend: (Time is in decaauts)
 A = Elapsed time spent in this place.
 B = Non-inter-level travel time spent in this place.
 C = Inter-level travel time spent in this place.
 D = Time resting spent in this place.
 E = Time spent auto-exploring this place.
 F = Levels seen in this place.
 G = Mean time per level.
                   A        B        C        D        E       F      G
               +--------+--------+--------+--------+--------+-----+--------+
         Total |  13763 |  12172 |   1591 |   4412 |   4976 |  10 | 1376.3 |
       Dungeon |  13655 |  12070 |   1585 |   4412 |   4976 |   9 | 1517.2 |
        Temple |    108 |    102 |      6 |      0 |      0 |   1 |  108.0 |
               +--------+--------+--------+--------+--------+-----+--------+

Top non-repeatable levels by time:
     D:4: 2853 daAuts
     D:7: 2670 daAuts
     D:5: 1611 daAuts
     D:3: 1557 daAuts
     D:2: 1353 daAuts
     D:6: 1315 daAuts
     D:1: 1264 daAuts
     D:8: 1019 daAuts
  Temple: 108 daAuts
     D:9: 8 daAuts
